 Dungeon Crawl Stone Soup version 0.29.0-15-g675c0067aa (webtiles) character file.

Game seed: 6894260218442329231

2079 qw the Cleaver (level 9, 0/75 HPs)
             Began as a Minotaur Berserker on Sept 12, 2022.
             Was a Priest of Trog.
             Slain by a kobold
             ... wielding a +1 short sword of holy wrath
              (1 damage)
             ... on level 6 of the Dungeon.
             The game lasted 00:01:44 (5829 turns).

qw the Cleaver (Minotaur Berserker)                 Turns: 5829, Time: 00:01:45

Health: 0/75       AC: -2    Str: 26    XL:     9   Next: 6%
Magic:  8/8        EV: 15    Int:  8    God:    Trog [***...]
Gold:   205        SH: 10    Dex: 10    Spells: 8/8 levels left

rFire   . . .      SeeInvis .   Y - +1 hand axe
rCold   + . .      Faith    .   b - +0 buckler
rNeg    . . .      Spirit   .   a - +0 ring mail
rPois   .          Reflect  +   (helmet restricted)
rElec   .          Harm     .   (no cloak)
rCorr   .          Rampage  .   (no gloves)
Will    .....                   (no boots)
Stlth   ..........              i - amulet of reflection
HPRegen 0.22/turn               h - +6 ring of intelligence
MPRegen 0.11/turn               d - +4 ring of evasion

@: about to teleport, corroded, on berserk cooldown, slowed, very slow
A: horns 2, retaliatory headbutt, cold resistance 1, dopey 1, MP-powered wands
a: Renounce Religion, Berserk, Trog's Hand


You were on level 6 of the Dungeon.
You worshipped Trog.
Trog was most pleased with you.
You visited 1 branch of the dungeon, and saw 6 of its levels.

You collected 310 gold pieces.
You spent 105 gold pieces at shops.


Innate Abilities, Weirdness & Mutations

You have a pair of horns on your head.
You reflexively headbutt those who attack you in melee.
Your flesh is cold resistant. (rC+)
You are dopey. (Int -2)
You expend magic power (3 MP) to strengthen your wands.


   Skills:
 + Level 6.2 Fighting
 - Level 12.1 Axes
 - Level 2.0 Throwing
 - Level 2.4 Armour
 - Level 2.1 Dodging
 - Level 5.6 Shields


You had 8 spell levels left.
You didn't know any spells.
Your spell library was empty.

Inventory:

Hand Weapons
 s - a +0 flail
 Y - a +1 hand axe (weapon)
Missiles
 k - 8 boomerangs (quivered)
Armour
 a - a +0 ring mail (worn)
 b - a +0 buckler (worn)
 g - a +0 scale mail
 v - a +0 plate armour
Jewellery
 d - a +4 ring of evasion (right hand)
 e - a +4 ring of protection
 h - a +6 ring of intelligence (left hand)
 i - an amulet of reflection (around neck)
 m - a ring of fire
Scrolls
 c - 2 scrolls of identify
 p - a scroll of teleportation
 t - a scroll of enchant armour
 u - a scroll of poison {unknown}
Potions
 f - 3 potions of mutation
 j - a potion of cancellation
 l - 4 potions of curing
 n - a potion of lignification {unknown}
 o - 5 potions of heal wounds
 q - a potion of brilliance {unknown}
 r - a potion of magic {unknown}

Dungeon Overview and Level Annotations

Branches:
Dungeon (6/15)             Temple (0/1) D:5

Altars:
Cheibriados
Okawaru
Sif Muna
Trog

Shops:
D:5 *

Annotations:
D:6 1 runed translucent door


Message History

The kobold demonologist is almost dead.
The kobold demonologist looks satisfied for a moment.
The kobold throws a stone.
The stone barely misses you.
You hit the kobold demonologist.
You kill the kobold demonologist!
Trog accepts your kill.
Trog appreciates your killing of a magic user.
The shadow imp disappears in a puff of smoke!
The ynoxinul disappears in a puff of smoke!
The ufetubus disappears in a puff of smoke! x3
You slash the kobold!
You kill the kobold!
Trog accepts your kill.
Your Axes skill increases to level 12!
You have reached level 9!
Your experience leads to an increase in your attributes!
Your base attributes are Str 24, Int 4, Dex 10.
Increase (S)trength, (I)ntelligence, or (D)exterity?
You feel stronger. x2
You block the kobold's attack.
The kobold demonologist hits you with a +0 dagger.
The ufetubus misses you. You block the ufetubus's attack.
Items here: % ) ? [.
You hit the kobold demonologist but do no damage.
You closely miss the kobold. You slash the ufetubus!
You kill the ufetubus!
The ufetubus disappears in a puff of smoke!
You block the kobold's attack.
You block the kobold demonologist's attack.
You hit the kobold demonologist.
The kobold demonologist is lightly wounded.
You closely miss the ufetubus. You closely miss the kobold.
You are no longer berserk.
You are exhausted.
You feel yourself slow down. You block the ufetubus's attack. x2
5829 ||| READING 2 scrolls of teleportation.
As you read the scroll of teleportation, it crumbles to dust.
You feel strangely unstable. The ufetubus misses you. The ufetubus hits you.
The kobold hits you with a +1 short sword of holy wrath.
You die...

#### #.#
##..........## #.#
#..######### #.# #.##
#.# #.# #.# #.# #.#
#.# #.# #.# #.# ##.#
# #.# ###@)##.# #.#
#3KK5...# #
#.###.#...### ####
#<......#.## ...##
###..#.......#
##..####....#.P._.P.#
#........#.##.......#
#.########.##......##
### #.###.#####


You could see a kobold demonologist, a ynoxinul (summoned), an ufetubus
(summoned) and a kobold.

Vanquished Creatures
  3 kobold demonologists (D:6)
  2 steam dragons (D:6)
  Menkaure (D:6)
  An orc warrior (D:6)
  An ogre (D:5)
  A kobold brigand (D:6)
  2 scorpions
  A jelly (D:6)
  2 hounds
  A gnoll bouda (D:5)
  An iguana (D:5)
  2 orc wizards
  8 adders
  14 gnolls
  A shadow imp (D:6)
  An ufetubus (D:5)
  3 dart slugs
  11 orcs
  4 ball pythons
  4 endoplasms
  2 giant cockroaches (D:1)
  4 goblins
  11 hobgoblins
  5 jackals
  12 kobolds
  3 quokkas
  6 bats
  3 frilled lizards
  3 rats
113 creatures vanquished.

Notes
Turn   | Place    | Note
-------+----------+-------------------------------------------
     0 | D:1      | qw the Minotaur Berserker began the quest for the Orb.
     0 | D:1      | Reached XP level 1. HP: 19/19 MP: 0/0
     0 | D:1      | 0 ||| qw: Version: 0.1-a-119-g272c26d
     0 | D:1      | 0 ||| qw: Game counter: 10901
     0 | D:1      | 0 ||| qw: Always use a shield: true
     0 | D:1      | 0 ||| qw: Do Orc after D:15 true
     0 | D:1      | 0 ||| qw: Do second Lair branch before Depths: true
     0 | D:1      | 0 ||| qw: Lair rune preference: random
     0 | D:1      | 0 ||| qw: Plans: Normal
     0 | D:1      | 0 ||| PLANNING D:1-11
    45 | D:1      | Reached skill level 4 in Axes
   172 | D:1      | Reached XP level 2. HP: 26/26 MP: 1/1
   455 | D:1      | 455 ||| Stepping ~*~*~tactically~*~*~ (stealth).
   457 | D:1      | 457 ||| Stepping ~*~*~tactically~*~*~ (stealth).
   458 | D:1      | 458 ||| Stepping ~*~*~tactically~*~*~ (stealth).
   509 | D:1      | 509 ||| Stepping ~*~*~tactically~*~*~ (hiding).
   611 | D:1      | 611 ||| Stepping ~*~*~tactically~*~*~ (hiding).
   713 | D:1      | 713 ||| Stepping ~*~*~tactically~*~*~ (hiding).
  1145 | D:1      | 1145 ||| DROPPING +0 club.
  1146 | D:1      | 1146 ||| UPGRADING to +0 leather armour.
  1156 | D:1      | 1156 ||| DROPPING +0 animal skin.
  1157 | D:1      | 1157 ||| DROPPING scarf of invisibility.
  1158 | D:1      | 1158 ||| UPGRADING to amulet of reflection.
  1163 | D:1      | 1163 ||| UPGRADING to +6 ring of intelligence.
  1164 | D:1      | 1164 ||| READING scroll labelled KOUSOPL VULO.
  1165 | D:1      | 1165 ||| DRINKING 2 fizzy sapphire potions.
  1165 | D:1      | Gained mutation: You expend magic power (3 MP) to
                  | strengthen your wands. [potion of mutation]
  1165 | D:1      | Gained mutation: Your flesh is cold resistant. (rC+)
                  | [potion of mutation]
  1165 | D:1      | Gained mutation: You are dopey. (Int -2) [potion of
                  | mutation]
  1251 | D:2      | Reached skill level 5 in Axes
  1533 | D:2      | Reached XP level 3. HP: 31/31 MP: 2/2
  1669 | D:2      | Reached ** piety under Trog
  1800 | D:2      | 1800 ||| UPGRADING to +0 ring mail.
  1865 | D:2      | 1865 ||| UPGRADING to +0 ring mail.
  1875 | D:2      | 1875 ||| UPGRADING to +0 buckler.
  1880 | D:2      | 1880 ||| DROPPING +0 leather armour.
  2034 | D:2      | 2034 ||| UPGRADING to +4 ring of evasion.
  2035 | D:2      | 2035 ||| READING scroll labelled VUDUVI VECIENK.
  2036 | D:2      | 2036 ||| READING scroll labelled XUQIEC CUMNUN.
  2062 | D:3      | 2062 ||| STAIRDANCE
  2101 | D:3      | Reached skill level 1 in Shields
  2101 | D:3      | Reached XP level 4. HP: 33/39 MP: 3/3
  2146 | D:3      | 2146 ||| FLEEEEING.
  2149 | D:3      | 2149 ||| FLEEEEING.
  2150 | D:3      | 2150 ||| FLEEEEING.
  2151 | D:3      | 2151 ||| FLEEEEING.
  2152 | D:3      | 2152 ||| FLEEEEING.
  2153 | D:3      | 2153 ||| FLEEEEING.
  2154 | D:3      | 2154 ||| STAIRDANCE
  2187 | D:2      | 2187 ||| READING scroll labelled VILETR GYGIM.
  2209 | D:3      | 2209 ||| Stepping ~*~*~tactically~*~*~ (hiding).
  2210 | D:3      | 2210 ||| Stepping ~*~*~tactically~*~*~ (hiding).
  2450 | D:3      | Reached skill level 6 in Axes
  2458 | D:3      | 2458 ||| Stepping ~*~*~tactically~*~*~ (stealth).
  2622 | D:3      | Identified the +5 short sword of Saltpetre {flame, Str+7
                  | Dex+4}
  2629 | D:3      | Found a snail-covered altar of Cheibriados.
  2750 | D:3      | Found a faded altar of an unknown god.
  2873 | D:3      | 2873 ||| READING 4 scrolls labelled RAEFYI XUFFYIPN.
  2874 | D:3      | 2874 ||| READING 2 scrolls labelled YSY LOVYEMPELU.
  2875 | D:3      | 2875 ||| DRINKING 4 glowing yellow potions.
  2876 | D:3      | 2876 ||| DRINKING 2 fizzy green potions.
  2877 | D:3      | 2877 ||| READING 3 scrolls of identify.
  2877 | D:3      | 2877 ||| IDENTIFYING murky sapphire potion
  2878 | D:3      | 2878 ||| READING 2 scrolls of identify.
  2878 | D:3      | 2878 ||| IDENTIFYING pink potion
  2879 | D:3      | 2879 ||| DROPPING scroll of noise.
  2880 | D:3      | 2880 ||| DROPPING potion of degeneration.
  3104 | D:4      | Reached *** piety under Trog
  3121 | D:4      | 3121 ||| Stepping ~*~*~tactically~*~*~ (hiding).
  3122 | D:4      | 3122 ||| Stepping ~*~*~tactically~*~*~ (hiding).
  3196 | D:4      | Found an iron altar of Okawaru.
  3197 | D:4      | 3197 ||| Stepping ~*~*~tactically~*~*~ (hiding).
  3201 | D:4      | 3201 ||| INVOKING Berserk.
  3202 | D:4      | Found a bloodstained altar of Trog.
  3205 | D:4      | Reached XP level 5. HP: 45/45 MP: 4/4
  3347 | D:4      | Reached skill level 7 in Axes
  3508 | D:4      | 3508 ||| DROPPING amulet of magic regeneration.
  3509 | D:4      | 3509 ||| DROPPING amulet of faith.
  3513 | D:5      | Entered Level 5 of the Dungeon
  3626 | D:5      | 3626 ||| Stepping ~*~*~tactically~*~*~ (hiding).
  3629 | D:5      | 3629 ||| INVOKING Berserk.
  3740 | D:5      | 3740 ||| DROPPING +0 whip.
  3765 | D:5      | Noticed an ogre
  3766 | D:5      | 3766 ||| Stepping ~*~*~tactically~*~*~ (stealth).
  3771 | D:5      | 3771 ||| INVOKING Berserk.
  3775 | D:5      | Killed an ogre
  3776 | D:5      | Reached XP level 6. HP: 52/52 MP: 5/5
  3906 | D:5      | Found a staircase to the Ecumenical Temple.
  3923 | D:5      | 3923 ||| Stepping ~*~*~tactically~*~*~ (hiding).
  3928 | D:5      | 3928 ||| INVOKING Berserk.
  3939 | D:5      | Reached skill level 8 in Axes
  3944 | D:5      | HP: 12/52 [gnoll/+0 spear (3)]
  3945 | D:5      | 3945 ||| READING scroll of teleportation.
  3946 | D:5      | 3946 ||| DRINKING 3 potions of heal wounds.
  4056 | D:5      | 4056 ||| Stepping ~*~*~tactically~*~*~ (hiding).
  4058 | D:5      | 4058 ||| INVOKING Berserk.
  4081 | D:5      | 4081 ||| Stepping ~*~*~tactically~*~*~ (stealth).
  4082 | D:5      | 4082 ||| Stepping ~*~*~tactically~*~*~ (stealth).
  4083 | D:5      | 4083 ||| Stepping ~*~*~tactically~*~*~ (stealth).
  4155 | D:5      | 4155 ||| Stepping ~*~*~tactically~*~*~ (stealth).
  4156 | D:5      | 4156 ||| Stepping ~*~*~tactically~*~*~ (stealth).
  4157 | D:5      | 4157 ||| Stepping ~*~*~tactically~*~*~ (stealth).
  4160 | D:5      | 4160 ||| INVOKING Berserk.
  4221 | D:5      | 4221 ||| Stepping ~*~*~tactically~*~*~ (stealth).
  4222 | D:5      | 4222 ||| Stepping ~*~*~tactically~*~*~ (stealth).
  4225 | D:5      | 4225 ||| Stepping ~*~*~tactically~*~*~ (hiding).
  4228 | D:5      | 4228 ||| INVOKING Berserk.
  4432 | D:5      | Found Haeleffi's General Store.
  4436 | D:5      | 4436 ||| Stepping ~*~*~tactically~*~*~ (stealth).
  4442 | D:5      | 4442 ||| Stepping ~*~*~tactically~*~*~ (stealth).
  4450 | D:5      | 4450 ||| BUYING scroll of enchant armour (105 gold).
  4450 | D:5      | Bought a scroll of enchant armour for 105 gold pieces
  4728 | D:5      | Reached skill level 9 in Axes
  4728 | D:5      | Reached XP level 7. HP: 59/59 MP: 6/6
  4883 | D:5      | Reached skill level 3 in Shields
  4908 | D:5      | 4908 ||| READING 2 scrolls labelled KENNAE YZOOLIH.
  4909 | D:5      | 4909 ||| READING scroll labelled DEOKHL DAINAD.
  4910 | D:5      | 4910 ||| READING 2 scrolls of identify.
  4910 | D:5      | 4910 ||| IDENTIFYING puce potion
  4911 | D:5      | 4911 ||| DROPPING potion of flight.
  4912 | D:5      | 4912 ||| DROPPING scroll of immolation.
  4960 | D:6      | Noticed a steam dragon
  4962 | D:6      | 4962 ||| INVOKING Berserk.
  4965 | D:6      | Killed a steam dragon
  5092 | D:6      | Noticed Menkaure
  5093 | D:6      | 5093 ||| Stepping ~*~*~tactically~*~*~ (hiding).
  5094 | D:6      | 5094 ||| Stepping ~*~*~tactically~*~*~ (hiding).
  5098 | D:6      | 5098 ||| INVOKING Berserk.
  5101 | D:6      | Killed Menkaure
  5221 | D:6      | Found a runed translucent gate.
  5253 | D:6      | Found a shimmering blue altar of Sif Muna.
  5277 | D:6      | Noticed a steam dragon
  5278 | D:6      | 5278 ||| Stepping ~*~*~tactically~*~*~ (hiding).
  5281 | D:6      | 5281 ||| INVOKING Berserk.
  5284 | D:6      | Killed a steam dragon
  5285 | D:6      | Reached skill level 10 in Axes
  5285 | D:6      | Reached XP level 8. HP: 69/69 MP: 7/7
  5358 | D:6      | 5358 ||| INVOKING Berserk.
  5557 | D:6      | 5557 ||| INVOKING Berserk.
  5567 | D:6      | Reached skill level 6 in Fighting
  5720 | D:6      | Noticed a kobold demonologist
  5720 | D:6      | 5720 ||| Stepping ~*~*~tactically~*~*~ (stealth).
  5785 | D:6      | Noticed a kobold demonologist
  5786 | D:6      | 5786 ||| Stepping ~*~*~tactically~*~*~ (stealth).
  5788 | D:6      | Noticed a kobold demonologist
  5790 | D:6      | Noticed a kobold demonologist
  5795 | D:6      | Noticed a hellwing
  5797 | D:6      | Noticed a rust devil
  5798 | D:6      | Noticed a sixfirhy
  5802 | D:6      | Noticed an orange demon
  5802 | D:6      | Killed a kobold demonologist
  5803 | D:6      | Reached skill level 11 in Axes
  5803 | D:6      | Noticed a red devil
  5803 | D:6      | 5803 ||| INVOKING Berserk.
  5809 | D:6      | Killed a kobold demonologist
  5812 | D:6      | HP: 18/105 [sixfirhy[a kobold demonologist] (10)]
  5817 | D:6      | HP: 14/105 [rust devil[a kobold demonologist] (4)]
  5823 | D:6      | HP: 8/105 [shadow imp/nerve-wracking pain[a kobold
                  | demonologist] (3)]
  5825 | D:6      | Killed a kobold demonologist
  5826 | D:6      | Reached skill level 12 in Axes
  5826 | D:6      | Reached XP level 9. HP: 9/75 MP: 8/8
  5826 | D:6      | HP: 3/112 [kobold demonologist/+0 dagger (6)]
  5829 | D:6      | 5829 ||| READING 2 scrolls of teleportation.
  5829 | D:6      | HP: 1/75 [ufetubus[a kobold demonologist] (1)]
  5829 | D:6      | Slain by a kobold

Levels and vault maps discovered:
D:1:      psy_arrival_statuary, layout_basic
D:2:      layout_basic, wad_orctagon
D:3:      layout_rooms, cheibriados_altar_1, nicolae_ecumenical_oubliette,
          minmay_randomly_rotated_circles
D:4:      layout_rooms, grunt_temple_overflow_bloody_war
D:5:      layout_loops_ring, minmay_temple_entry_trees, serial_shops, shop
D:6:      layout_rooms, mainiacjoe_overflow_tiny_flanked,
          gammafunk_ghost_nasty_kobolds, uniq_menkaure

Skill      XL: |  1  2  3  4  5  6  7  8 |
---------------+-------------------------+-----
Axes           | 4 5 6 7 9 10 12 | 12.1
Shields        | 1 2 3 5 |  5.6
Fighting       | 4 5 6 |  6.2
Throwing       | 2 |  2.0
Armour         | |  2.4
Dodging        | |  2.1

Action                   |  1- 3 |  4- 6 |  7- 9 || total
-------------------------+-------+-------+-------++-------
Melee: Hand axe          |    73 |    98 |    94 ||   265
       Punch             |     1 |       |       ||     1
       Headbutt          |     9 |    15 |     9 ||    33
Throw: Boomerang         |    16 |    49 |     7 ||    72
Invok: Berserk           |       |     7 |     6 ||    13
  Use: Scroll            |     3 |     6 |     4 ||    13
       Potion            |     1 |     3 |       ||     4
Armor: Animal skin       |     3 |       |       ||     3
       Leather armour    |     4 |       |       ||     4
       Ring mail         |     1 |    11 |    11 ||    23
Dodge: Dodged            |    31 |    76 |    50 ||   157
Block: Other             |     6 |       |       ||     6
       Buckler           |     3 |    36 |    33 ||    72
       Reflection        |       |     1 |     1 ||     2

Table legend:
 A = Non-vault XP
 B = Vault XP
 C = Vault XP percentage of total XP
 D = Non-vault monster count
 E = Vault monster count
 F = Vault count percentage of total count
                 A         B        C        D         E       F
            +---------+---------+-------+---------+---------+-------
      Total |    2762 |     209 |   7.0 |     101 |      12 |  10.6
            +---------+---------+-------+---------+---------+-------
        D:1 |      30 |       0 |   0.0 |      15 |       0 |   0.0
        D:2 |      45 |      12 |  21.1 |      13 |       4 |  23.5
        D:3 |      71 |      12 |  14.5 |      20 |       6 |  23.1
        D:4 |     120 |      13 |   9.8 |      10 |       1 |   9.1
        D:5 |     532 |       0 |   0.0 |      24 |       0 |   0.0
        D:6 |    1964 |     172 |   8.1 |      19 |       1 |   5.0
            +---------+---------+-------+---------+---------+-------
